[Event "Titled Tuesday Blitz May 23 Late 2023"]
[White "Dudzinski, Pawel"]
[Black "Manukyan, Sargis A."]
[WhiteFideId "1117890"]
[BlackFideId "13303970"]
[WhiteElo "2099"]
[BlackElo "2187"]
[Result "0-1"]
[Round "06"]
[TimeControl "180+2"]
[Date "2023.05.23"]
[WhiteClock "0:00:00"]
[BlackClock "0:00:27"]

1. e4 c5 2. Nc3 d6 3. g3 g6 4. Bg2 Nc6 5. d3 Bg7 6. Be3 e6 7. Qd2 b6 8. Nge2 Ba6 9. d4 cxd4 10. Nxd4 Nge7 11. O-O-O O-O 12. Nxc6 Nxc6 13. Qxd6 Qxd6 14. Rxd6 Na5 15. Bd4 e5 16. Be3 Nc4 17. Rd7 Nxe3 18. fxe3 Bc8 19. Rd6 Be6 20. Nd5 Rfd8 21. Rxd8+ Rxd8 22. Kd2 f5 23. c4 Bf8 24. exf5 gxf5 25. e4 b5 26. b3 bxc4 27. bxc4 Kg7 28. Rb1 Rd7 29. Rb5 Bd6 30. Kd3 f4 31. gxf4 exf4 32. Bf3 Kf7 33. c5 Be5 34. Kc4 a6 35. Rb6 Ra7 36. c6 Bc8 37. Kc5 a5 38. Bh5+ Kg7 39. Rb1 a4 40. Rg1+ Kf8 41. h3 Ra5+ 42. Kb6 Ra6+ 43. Kb5 Ra8 44. Bg4 Bd4 45. Rf1 Ba6+ 46. Kb4 Bxf1 0-1


[Site "https://www.chess.com"]

[Event "Titled Tuesday Blitz May 23 Late 2023"]
[White "Arnold, Ken"]
[Black "Colas, Joshua"]
[WhiteFideId "2056836"]
[BlackFideId "2044447"]
[WhiteElo "2418"]
[BlackElo "2347"]
[Result "1-0"]
[Round "06"]
[TimeControl "180+2"]
[Date "2023.05.23"]
[WhiteClock "0:01:40"]
[BlackClock "0:01:44"]

1. d4 d5 2. Nf3 Nf6 3. c3 Bf5 4. Bf4 e6 5. e3 Bd6 6. Bd3 O-O 7. O-O c5 8. Bxd6 Qxd6 9. dxc5 Qxc5 10. Bxf5 exf5 11. Nd4 g6 12. Nd2 Nc6 13. N2b3 Qe7 14. Qe2 Rfe8 15. Rfd1 f4 16. Re1 fxe3 17. Qxe3 Qxe3 18. Rxe3 Rxe3 19. fxe3 Ne5 20. Rd1 Nc4 21. Nc5 b6 22. Nd3 Nxe3 23. Re1 Nc4 24. Re7 Re8 25. Rxa7 Re3 26. b3 Nd2 27. Nf4 Re1+ 28. Kf2 Nfe4+ 29. Kxe1 1-0


[Site "https://www.chess.com"]

[Event "Titled Tuesday Blitz May 23 Late 2023"]
[White "Korchmar, Vasiliy"]
[Black "Gatterer, Florian"]
[WhiteFideId "24131750"]
[BlackFideId "811688"]
[WhiteElo "2370"]
[BlackElo "2221"]
[Result "1-0"]
[Round "06"]
[TimeControl "180+2"]
[Date "2023.05.23"]
[WhiteClock "0:00:22"]
[BlackClock "0:00:00"]

1. e4 d6 2. d4 Nf6 3. Nc3 g6 4. g3 Bg7 5. Bg2 O-O 6. Nge2 e5 7. O-O exd4 8. Nxd4 Re8 9. h3 Bd7 10. Be3 Nc6 11. f4 Nxd4 12. Bxd4 Bc6 13. Qd3 Nh5 14. Bxg7 Nxg7 15. Rae1 Ne6 16. Qd2 a5 17. Kh2 Qe7 18. Nd5 Qd8 19. Nc3 Qf6 20. e5 Qe7 21. f5 gxf5 22. Rxf5 Bxg2 23. Kxg2 Rad8 24. Nd5 Qf8 25. Nf6+ Kh8 26. Rh5 Qg7 27. Rxh7+ Qxh7 28. Nxh7 Kxh7 29. Qxa5 dxe5 30. Qxe5 Rd2+ 31. Kg1 Red8 32. Rf1 R8d7 33. a4 b6 34. b4 Kg8 35. Qe4 R7d4 36. Qf5 Rd7 37. a5 bxa5 38. bxa5 R2d5 39. Qg4+ Kf8 40. a6 Rd4 41. a7 Ra4 42. Qxa4 Ke7 43. a8=Q 1-0


[Site "https://www.chess.com"]

[Event "Titled Tuesday Blitz May 23 Late 2023"]
[White "Debray, Christopher"]
[Black "Tomiello, Mateus Costamilan"]
[WhiteFideId "630810"]
[BlackFideId "22701958"]
[WhiteElo "2340"]
[BlackElo "1990"]
[Result "1-0"]
[Round "06"]
[TimeControl "180+2"]
[Date "2023.05.23"]
[WhiteClock "0:01:35"]
[BlackClock "0:00:54"]

1. e4 e5 2. Nf3 Nc6 3. Bc4 Bc5 4. d3 Nf6 5. Nc3 a6 6. Bg5 h6 7. Bxf6 Qxf6 8. Nd5 Qd8 9. c3 O-O 10. d4 exd4 11. cxd4 Ba7 12. O-O d6 13. h3 Re8 14. Re1 b5 15. Bb3 Na5 16. Bc2 c6 17. Ne3 c5 18. b3 Nc6 19. dxc5 dxc5 20. Nd5 Be6 21. Rc1 Nd4 22. Nxd4 cxd4 23. Qf3 Rc8 24. Bd3 Qg5 25. Rxc8 Rxc8 26. g3 Bxh3 27. e5 Rc1 28. Rxc1 Qxc1+ 29. Kh2 Bf1 30. Ne7+ Kf8 31. Nf5 Bxd3 32. Qa8+ 1-0


[Site "https://www.chess.com"]

[Event "Titled Tuesday Blitz May 23 Late 2023"]
[White "Carrasco Miranda, Andres"]
[Black "Arabidze, Meri"]
[WhiteFideId "3405990"]
[BlackFideId "13604040"]
[WhiteElo "2183"]
[BlackElo "2405"]
[Result "0-1"]
[Round "06"]
[TimeControl "180+2"]
[Date "2023.05.23"]
[WhiteClock "0:00:59"]
[BlackClock "0:02:00"]

1. d4 Nf6 2. c4 e6 3. g3 d5 4. Bg2 Bb4+ 5. Nd2 O-O 6. Nf3 c5 7. O-O cxd4 8. Nxd4 Nc6 9. Nc2 Be7 10. cxd5 exd5 11. b3 Bg4 12. Bb2 Re8 13. Ne3 Be6 14. Nf3 Bc5 15. Nd4 Bb6 16. Rc1 Rc8 17. Nxe6 fxe6 18. Qd2 Qe7 19. a3 Rf8 20. b4 a6 21. Bh3 Rce8 22. Ng4 Ne4 23. Qd3 Qg5 24. e3 Qh5 25. Kg2 Ng5 26. Qe2 Qxh3+ 27. Kg1 Nf3+ 0-1


[Site "https://www.chess.com"]

[Event "Titled Tuesday Blitz May 23 Late 2023"]
[White "Djabri,Massinas"]
[Black "Eugene, Floryan"]
[WhiteFideId "7905726"]
[BlackFideId "20694784"]
[WhiteElo "2194"]
[BlackElo "2369"]
[Result "0-1"]
[Round "06"]
[TimeControl "180+2"]
[Date "2023.05.23"]
[WhiteClock "0:00:00"]
[BlackClock "0:00:11"]

1. d4 f5 2. c4 Nf6 3. Nf3 g6 4. g3 Bg7 5. Bg2 O-O 6. O-O d6 7. Nc3 c6 8. d5 e5 9. e4 c5 10. exf5 gxf5 11. Ng5 Re8 12. Qc2 e4 13. Ne2 h6 14. Nh3 Nbd7 15. f3 Ne5 16. fxe4 Nxe4 17. Nef4 Ng4 18. Kh1 Bd4 19. Nh5 Qc7 20. Bf3 Qh7 21. N3f4 Bd7 22. h3 Ne5 23. Bxe4 Nxc4 24. Qxc4 Rxe4 25. Qxd4 cxd4 26. Nf6+ Kh8 27. Nxh7 Kxh7 28. Nh5 Kg6 29. Nf4+ Kg7 30. Bd2 Rc8 31. Rac1 Rc5 32. Rxc5 dxc5 33. b3 Kf6 34. Rc1 b6 35. Kg2 Bb5 36. Kf3 Ba6 37. a4 Bb7 38. a5 Ke5 39. axb6 axb6 40. b4 Bxd5 41. Nxd5 Kxd5 42. bxc5 bxc5 43. Bxh6 c4 44. Bf4 c3 45. h4 Kc4 46. h5 d3 47. h6 Re7 0-1


[Site "https://www.chess.com"]

[Event "Titled Tuesday Blitz May 23 Late 2023"]
[White "carokannlover213"]
[Black "Alahakoon, Isuru"]
[BlackFideId "9900993"]
[WhiteElo "2665"]
[BlackElo "1953"]
[Result "1-0"]
[Round "06"]
[TimeControl "180+2"]
[Date "2023.05.23"]
[WhiteClock "0:00:28"]
[BlackClock "0:00:00"]

1. Nf3 d5 2. g3 Nc6 3. d4 Bf5 4. Bg2 Nb4 5. Na3 e6 6. c3 Nc6 7. Nc2 Nf6 8. O-O h5 9. Bg5 Be7 10. Ne3 Be4 11. Nd2 Bxg2 12. Kxg2 Qd7 13. Qa4 Ng4 14. Bxe7 Nxe3+ 15. fxe3 Qxe7 16. e4 h4 17. Nf3 hxg3 18. hxg3 dxe4 19. Ne5 O-O 20. Nxc6 Qd7 21. Rf4 bxc6 22. Rh1 Rab8 23. Qc2 f5 24. b3 Qd6 25. Rfh4 e5 26. e3 exd4 27. cxd4 Rbd8 28. Qe2 c5 29. Qh5 cxd4 30. Qh7+ Kf7 31. Qxf5+ Ke8 32. Rxe4+ 1-0


[Site "https://www.chess.com"]

[Event "Titled Tuesday Blitz May 23 Late 2023"]
[White "Annaberdiyev, Meylis"]
[Black "Seletsky, Grigory"]
[WhiteFideId "14000563"]
[BlackFideId "14112191"]
[WhiteElo "2416"]
[BlackElo "2491"]
[Result "1-0"]
[Round "06"]
[TimeControl "180+2"]
[Date "2023.05.23"]
[WhiteClock "0:00:07"]
[BlackClock "0:00:05"]

1. e4 e5 2. Nf3 Nc6 3. Bb5 a6 4. Ba4 Nf6 5. O-O b5 6. Bb3 Be7 7. d3 O-O 8. Re1 d6 9. c3 Na5 10. Bc2 c5 11. Nbd2 Qc7 12. Nf1 Nc6 13. Bg5 h6 14. Bxf6 Bxf6 15. Ne3 Ne7 16. a4 Be6 17. Bb3 c4 18. Ba2 Rfd8 19. Qe2 Rab8 20. Red1 cxd3 21. Qxd3 bxa4 22. Bxe6 fxe6 23. Qc2 d5 24. Rxa4 d4 25. Ng4 dxc3 26. Rxd8+ Qxd8 27. bxc3 Rb2 28. Qc1 Qb6 29. Ra1 h5 30. Nxf6+ gxf6 31. Qf1 a5 32. Ne1 Ng6 33. g3 Qb3 34. Ng2 Qxc3 35. Ne3 Kg7 36. Rc1 Qd4 37. Rd1 Qxe4 38. Rd7+ Kh6 39. Qc1 Rb1 40. Nf5# 1-0


[Site "https://www.chess.com"]

[Event "Titled Tuesday Blitz May 23 Late 2023"]
[White "Aldokhin, Ivan"]
[Black "Dragomirescu, Robin-Alexandru"]
[WhiteFideId "24115720"]
[BlackFideId "1213849"]
[WhiteElo "2322"]
[BlackElo "2356"]
[Result "1-0"]
[Round "06"]
[TimeControl "180+2"]
[Date "2023.05.23"]
[WhiteClock "0:00:13"]
[BlackClock "0:00:00"]

1. e4 g6 2. d4 Nf6 3. Nc3 d5 4. exd5 Nxd5 5. Bc4 Nxc3 6. bxc3 Bg7 7. h4 c5 8. Be3 Nc6 9. Ne2 cxd4 10. cxd4 Qa5+ 11. c3 h5 12. Qd2 Bf5 13. Ng3 O-O-O 14. Nxf5 Qxf5 15. O-O Ne5 16. Be2 Rd7 17. Rab1 Ng4 18. Rb5 e5 19. Rfb1 Nxe3 20. Qxe3 Qf4 21. Qxf4 exf4 22. Bf3 b6 23. a4 Bf6 24. a5 Bd8 25. c4 Rxd4 26. c5 a6 27. Rxb6 Bxb6 28. axb6 Rc4 29. c6 Rd8 30. c7 Rd6 31. b7+ 1-0


[Site "https://www.chess.com"]

[Event "Titled Tuesday Blitz May 23 Late 2023"]
[White "Goroshkov, Maksym"]
[Black "Petrovic, Aleksa"]
[WhiteFideId "14142716"]
[BlackFideId "967629"]
[WhiteElo "2322"]
[BlackElo "2309"]
[Result "1-0"]
[Round "06"]
[TimeControl "180+2"]
[Date "2023.05.23"]
[WhiteClock "0:01:31"]
[BlackClock "0:01:46"]

1. e4 d5 2. exd5 Qxd5 3. Nc3 Qe5+ 4. Be2 Bg4 5. d4 Bxe2 6. Ngxe2 Qa5 7. O-O c6 8. b4 Qd8 9. b5 cxb5 10. Nxb5 Nf6 11. c4 g6 12. Bf4 Na6 13. Qa4 Qd7 14. Rad1 Bg7 15. Rfe1 O-O 16. Qa3 Rfc8 17. Rc1 Nh5 18. Bg5 Rxc4 19. Rxc4 Qxb5 20. Qc1 Nb4 21. Rc8+ Rxc8 22. Qxc8+ 1-0


[Site "https://www.chess.com"]

[Event "Titled Tuesday Blitz May 23 Late 2023"]
[White "Balla, Tamas-Kristof"]
[Black "Kleiman, Jake"]
[WhiteFideId "1208497"]
[BlackFideId "2020041"]
[WhiteElo "2334"]
[BlackElo "2614"]
[Result "0-1"]
[Round "06"]
[TimeControl "180+2"]
[Date "2023.05.23"]
[WhiteClock "0:00:52"]
[BlackClock "0:00:23"]

1. d4 Nf6 2. c4 e6 3. Nc3 Bb4 4. Qc2 O-O 5. a3 Bxc3+ 6. Qxc3 d5 7. Bg5 dxc4 8. Qxc4 b6 9. Rc1 c6 10. Nf3 Ba6 11. Qc2 Qd5 12. Bxf6 gxf6 13. e4 Qa5+ 14. Qc3 Qxc3+ 15. Rxc3 Bb7 16. Bd3 Rd8 17. Ke2 Na6 18. Bxa6 Bxa6+ 19. Ke3 c5 20. Rd1 cxd4+ 21. Rxd4 Rdc8 22. Rxc8+ Rxc8 23. Rd7 Rc2 24. Rxa7 Bf1 25. b4 Re2+ 26. Kf4 Rxf2 27. Ke3 Re2+ 28. Kf4 Rxg2 29. Rb7 e5+ 30. Kf5 Kg7 31. Nh4 Rg5# 0-1


[Site "https://www.chess.com"]

[Event "Titled Tuesday Blitz May 23 Late 2023"]
[White "Spitzl, Vinzent"]
[Black "ArrestingPieces"]
[WhiteFideId "12901253"]
[WhiteElo "2225"]
[BlackElo "2476"]
[Result "0-1"]
[Round "06"]
[TimeControl "180+2"]
[Date "2023.05.23"]
[WhiteClock "0:00:00"]
[BlackClock "0:00:47"]

1. e4 e5 2. Nf3 Nc6 3. Bb5 a6 4. Ba4 Nf6 5. O-O Nxe4 6. d4 b5 7. Bb3 d5 8. dxe5 Be6 9. c3 Bc5 10. Nbd2 O-O 11. Bc2 Nxf2 12. Rxf2 f6 13. Nb3 Bxf2+ 14. Kxf2 fxe5 15. Kg1 Bg4 16. Bg5 Bxf3 17. Qxf3 Qxg5 18. Qxd5+ Kh8 19. Qxc6 Qe3+ 20. Kh1 Qe2 21. Bf5 Rad8 22. g4 g6 23. Qe4 Qxe4+ 24. Bxe4 Rf2 25. Rb1 Rf4 26. Bb7 Rxg4 27. Re1 e4 28. h3 Rf4 29. Kg2 a5 30. Nd4 c5 31. Ne2 Rd2 32. Kg3 Rf3+ 33. Kg4 Re3 0-1


[Site "https://www.chess.com"]

[Event "Titled Tuesday Blitz May 23 Late 2023"]
[White "Senft, Sean"]
[Black "Fishbein, Alexander"]
[WhiteFideId "2044960"]
[BlackFideId "2000377"]
[WhiteElo "1989"]
[BlackElo "2415"]
[Result "0-1"]
[Round "06"]
[TimeControl "180+2"]
[Date "2023.05.23"]
[WhiteClock "0:00:00"]
[BlackClock "0:00:11"]

1. d4 Nf6 2. c4 g6 3. Nc3 Bg7 4. e4 O-O 5. f4 d6 6. Nf3 a6 7. a4 Nc6 8. d5 Nb4 9. Be2 a5 10. O-O c6 11. f5 Ng4 12. h3 Qb6+ 13. Kh1 Ne3 14. Bxe3 Qxe3 15. Qd2 Qxd2 16. Nxd2 Bd7 17. Rfc1 Rac8 18. Rab1 gxf5 19. b3 Bh6 20. Rd1 cxd5 21. Nxd5 Nxd5 22. exd5 e5 23. dxe6 fxe6 24. Nf3 Bf4 25. Nd4 e5 26. Nb5 Bxb5 27. axb5 e4 28. Rd5 b6 29. b4 axb4 30. Rxb4 Ra8 31. Rb1 Ra2 32. Bh5 Kg7 33. Re1 Rb2 34. g4 Bg3 35. Re3 Bf2 36. Ra3 fxg4 37. Ra7+ Kf6 38. Bxg4 Kg6 39. Rxd6+ Kg5 0-1


[Site "https://www.chess.com"]

[Event "Titled Tuesday Blitz May 23 Late 2023"]
[White "cryptoguru02"]
[Black "Yeritsyan, Hayk"]
[BlackFideId "13307320"]
[WhiteElo "2561"]
[BlackElo "2456"]
[Result "1/2-1/2"]
[Round "06"]
[TimeControl "180+2"]
[Date "2023.05.23"]
[WhiteClock "0:00:13"]
[BlackClock "0:00:06"]

1. d4 d5 2. c4 e6 3. Nc3 dxc4 4. e3 a6 5. a4 Nc6 6. Bxc4 Na5 7. Ba2 Nf6 8. Nf3 c5 9. O-O Nc6 10. Qe2 Be7 11. Rd1 cxd4 12. exd4 O-O 13. d5 exd5 14. Nxd5 Nxd5 15. Bxd5 Qc7 16. Bxc6 bxc6 17. Qe5 Qxe5 18. Nxe5 c5 19. Be3 Bf6 20. Nc4 Be6 21. Nb6 Rab8 22. Bxc5 Bxb2 23. Rab1 Rfd8 24. h4 Bf6 25. h5 h6 26. a5 Bg4 27. Rxd8+ Rxd8 28. Be3 Bxh5 29. Na4 Rd1+ 30. Rxd1 Bxd1 31. Nc5 Be2 32. f3 Bd8 33. Nb7 Bc7 34. Bb6 Bg3 35. Bf2 Bc7 36. Bb6 Be5 37. Kf2 Bb5 38. Ke3 h5 39. Nc5 g5 40. Nb3 Kg7 41. Nd4 Bxd4+ 42. Bxd4+ Kg6 43. Kf2 h4 44. Bb6 f6 45. g3 h3 46. g4 f5 47. Kg3 Bf1 48. gxf5+ Kxf5 49. Bd8 Bg2 50. Be7 Bf1 51. Bd8 Bg2 52. Be7 Bxf3 53. Kxf3 g4+ 54. Kg3 Ke6 55. Bd8 Kd5 56. Bc7 Kc6 57. Bb6 Kb5 58. Kh2 Kc6 59. Bd8 Kb5 60. Kg3 Kc6 61. Bg5 Kb5 62. Bd2 Kc6 63. Be1 Kb5 64. Kh2 Kc6 65. Bd2 Kb5 66. Be1 Kc6 67. Bh4 Kb5 68. Bd8 Kc6 69. Kg3 Kb5 70. Bb6 Kc6 71. Bd8 Kb5 72. Bb6 Kc6 73. Bd8 1/2-1/2


[Site "https://www.chess.com"]

[Event "Titled Tuesday Blitz May 23 Late 2023"]
[White "Melian, Juan Sebastian"]
[Black "Shapiro, Viktor"]
[WhiteFideId "3706575"]
[BlackFideId "4175700"]
[WhiteElo "2092"]
[BlackElo "2152"]
[Result "1-0"]
[Round "06"]
[TimeControl "180+2"]
[Date "2023.05.23"]
[WhiteClock "0:00:06"]
[BlackClock "0:00:03"]

1. d4 Nf6 2. c4 e6 3. Nc3 Bb4 4. Qc2 c5 5. dxc5 Na6 6. a3 Bxc3+ 7. Qxc3 Nxc5 8. b4 Nce4 9. Qb2 d5 10. c5 O-O 11. f3 b6 12. fxe4 Nxe4 13. cxb6 Qxb6 14. e3 a5 15. Rb1 Bd7 16. Bd3 Rfb8 17. Ne2 axb4 18. axb4 Bb5 19. Bxb5 Qxb5 20. O-O Rc8 21. Nd4 Qd3 22. Ra1 Rab8 23. Ra3 Qc4 24. Rb3 e5 25. Nf5 Re8 26. Ng3 Nc5 27. Rc3 Na4 28. Rxc4 Nxb2 29. Rc7 Nd3 30. Rfxf7 Nxc1 31. Rxg7+ Kh8 32. Rxh7+ Kg8 33. Rcg7+ Kf8 34. Rf7+ Kg8 35. Nf5 Ne2+ 36. Kf2 Nf4 37. Nh6# 1-0


[Site "https://www.chess.com"]

[Event "Titled Tuesday Blitz May 23 Late 2023"]
[White "reevecanada"]
[Black "ATM622"]
[WhiteElo "2435"]
[BlackElo "2556"]
[Result "1-0"]
[Round "06"]
[TimeControl "180+2"]
[Date "2023.05.23"]
[WhiteClock "0:01:18"]
[BlackClock "0:00:28"]

1. e4 c6 2. c4 d5 3. cxd5 cxd5 4. exd5 Nf6 5. Nc3 Nxd5 6. Nf3 Nc6 7. Bb5 g6 8. O-O Bg7 9. d4 O-O 10. h3 Bf5 11. a3 Rc8 12. Re1 Nxc3 13. bxc3 Na5 14. Bg5 f6 15. Bd2 Qd5 16. Qa4 Nc4 17. Rxe7 a6 18. Bxc4 Rxc4 19. Qb3 b5 20. a4 Bxh3 21. axb5 axb5 22. Raa7 Bh8 23. gxh3 Qxf3 24. Qxb5 Qc6 25. Qb3 Qd5 26. Rad7 Qc6 27. Rc7 1-0


[Site "https://www.chess.com"]

[Event "Titled Tuesday Blitz May 23 Late 2023"]
[White "StarkyNZ"]
[Black "gueraumasague"]
[WhiteElo "2360"]
[BlackElo "2556"]
[Result "1-0"]
[Round "06"]
[TimeControl "180+2"]
[Date "2023.05.23"]
[WhiteClock "0:01:33"]
[BlackClock "0:01:23"]

1. d4 g6 2. e4 Bg7 3. Be3 c6 4. Nc3 d5 5. exd5 cxd5 6. Bd3 Nc6 7. a3 Nh6 8. Nge2 Nf5 9. Bxf5 Bxf5 10. Nf4 e5 11. dxe5 d4 12. g4 Bc8 13. Ne4 dxe3 14. Nd6+ Kf8 15. Qd5 exf2+ 16. Kxf2 Nxe5 17. Rhe1 Qh4+ 18. Kg1 Qxg4+ 19. Ng2 Qf3 20. Rxe5 Qxd5 21. Re8# 1-0


[Site "https://www.chess.com"]

[Event "Titled Tuesday Blitz May 23 Late 2023"]
[White "Hernandez Leon, Alberto"]
[Black "Baghdasaryan, Vahe"]
[WhiteFideId "2272555"]
[BlackFideId "13303139"]
[WhiteElo "2239"]
[BlackElo "2216"]
[Result "0-1"]
[Round "06"]
[TimeControl "180+2"]
[Date "2023.05.23"]
[WhiteClock "0:00:03"]
[BlackClock "0:00:06"]

1. d4 d5 2. c4 c6 3. Nf3 Nf6 4. e3 Bf5 5. Nc3 e6 6. Nh4 Be4 7. f3 Bg6 8. Qb3 Qc7 9. Bd2 Be7 10. Nxg6 hxg6 11. O-O-O dxc4 12. Bxc4 b5 13. Bd3 a6 14. g3 c5 15. dxc5 Nbd7 16. Kb1 Nxc5 17. Qc2 Nxd3 18. Qxd3 O-O 19. e4 Rfd8 20. Qe3 Rac8 21. Rc1 Qd7 22. Rhd1 b4 23. Ne2 a5 24. Rxc8 Qxc8 25. Rc1 Qb7 26. Nd4 Rc8 27. Rxc8+ Qxc8 28. Qe1 Qc4 29. Be3 Nd7 30. Qe2 Qc7 31. Qc2 Qd6 32. Qc6 Ne5 33. Qxd6 Bxd6 34. Bf4 Kf8 35. Kc2 Ke8 36. Kb3 Kd7 37. Ka4 Nd3 38. Bxd6 Kxd6 39. b3 Ne1 40. Kxa5 Kc5 41. Nb5 Nxf3 42. Nc7 Nd2 43. Na6+ Kd4 44. Nxb4 Nxe4 45. Nc6+ Kc5 46. Nd8 Nd6 47. b4+ Kc4 48. a4 e5 49. b5 e4 50. b6 e3 51. Nxf7 Nb7+ 52. Ka6 e2 53. Kxb7 e1=Q 54. Nd6+ Kc5 55. Kc7 Qe7+ 56. Kc8 Qxd6 57. b7 Qc6+ 58. Kb8 Kb6 59. a5+ Ka6 60. g4 Qxb7# 0-1


[Site "https://www.chess.com"]

[Event "Titled Tuesday Blitz May 23 Late 2023"]
[White "Rose, Felix"]
[Black "Musovic, Armin"]
[WhiteFideId "5105722"]
[BlackFideId "939935"]
[WhiteElo "2039"]
[BlackElo "2322"]
[Result "1/2-1/2"]
[Round "06"]
[TimeControl "180+2"]
[Date "2023.05.23"]
[WhiteClock "0:00:09"]
[BlackClock "0:00:08"]

1. e4 c5 2. Nf3 Nf6 3. e5 Nd5 4. Nc3 e6 5. d4 Nc6 6. Nxd5 exd5 7. dxc5 Bxc5 8. Qxd5 d6 9. exd6 Qb6 10. Qe4+ Be6 11. d7+ Kd8 12. Bg5+ Kxd7 13. O-O-O+ Kc8 14. Be3 Bxe3+ 15. fxe3 Re8 16. Nd4 Bd7 17. Qxh7 Nb4 18. Bc4 Qc5 19. Bb3 Rxe3 20. Qh8+ Kc7 21. Qxa8 Re8 22. Ne6+ Rxe6 23. Rxd7+ Kxd7 24. Qxb7+ Kd8 25. Rd1+ Rd6 26. Qb8+ Ke7 27. Qxd6+ Qxd6 28. Rxd6 Kxd6 29. c3 Nd3+ 30. Kc2 Ne1+ 31. Kd2 Nxg2 32. Bxf7 Nh4 33. Bh5 Ke5 34. Be2 Ke4 35. b4 g5 36. a4 Ke5 37. Kd3 Ng6 38. c4 Nf4+ 39. Ke3 Ne6 40. Bf3 Nd4 41. Bd5 Nc2+ 42. Kf3 Nxb4 43. Kg4 Kf6 44. h3 Nd3 45. Bg8 Nc5 46. a5 Nb7 47. a6 Nc5 48. Bd5 Nxa6 49. h4 gxh4 50. Kxh4 Ke5 51. Kg3 Kd4 52. Kf3 Nb4 53. Ke2 a5 54. Kd2 a4 55. Kc1 Kc3 56. Kb1 a3 57. Be4 a2+ 58. Ka1 Kb3 59. Bf5 Ka3 60. Be4 Na6 61. Bb1 axb1=Q+ 62. Kxb1 Nc5 63. Kc2 Kb4 64. Kd2 Kxc4 1/2-1/2


[Site "https://www.chess.com"]

[Event "Titled Tuesday Blitz May 23 Late 2023"]
[White "kiwibobo"]
[Black "Ladan, Nicholas"]
[BlackFideId "30918855"]
[WhiteElo "2198"]
[BlackElo "2167"]
[Result "0-1"]
[Round "06"]
[TimeControl "180+2"]
[Date "2023.05.23"]
[WhiteClock "0:00:12"]
[BlackClock "0:00:17"]

1. e4 e5 2. Nf3 Nc6 3. Bb5 a6 4. Ba4 Bc5 5. c3 Nge7 6. O-O Ba7 7. d4 Ng6 8. Be3 O-O 9. Nbd2 d6 10. h3 f5 11. Bb3+ Kh8 12. Ng5 Nf4 13. Bxf4 exf4 14. Qh5 h6 15. Nf7+ Rxf7 16. Qxf7 Bd7 17. exf5 Ne7 18. f6 Nf5 19. fxg7+ Nxg7 20. Qg6 Qg5 21. Qxg5 hxg5 22. Nf3 g4 23. hxg4 Bxg4 24. Ng5 c5 25. d5 Nf5 26. Bc2 Rg8 27. Nf7+ Kg7 28. Bxf5 Bxf5 29. Nxd6 Bg4 30. c4 f3 31. g3 Bb8 32. Nxb7 Bh3 33. d6 Rh8 34. d7 Bg2 35. d8=Q Rh1# 0-1


[Site "https://www.chess.com"]

[Event "Titled Tuesday Blitz May 23 Late 2023"]
[White "Chyngyz, Sultai"]
[Black "Kokoszczynski, Jan"]
[WhiteFideId "13803158"]
[BlackFideId "1174460"]
[WhiteElo "1408"]
[BlackElo "2139"]
[Result "1-0"]
[Round "06"]
[TimeControl "180+2"]
[Date "2023.05.23"]
[WhiteClock "0:01:26"]
[BlackClock "0:00:02"]

1. e4 c6 2. Nf3 d5 3. Nc3 dxe4 4. Nxe4 Nf6 5. Qe2 Nxe4 6. Qxe4 Be6 7. d4 Nd7 8. Bd3 Nf6 9. Qe2 Bg4 10. c3 e6 11. O-O Be7 12. h3 Bh5 13. Bf4 O-O 14. Bc2 Nd5 15. Bg3 Bd6 16. Bxd6 Qxd6 17. a4 Rad8 18. a5 Qf4 19. Qe4 Qh6 20. Ne5 Bg6 21. Nxg6 hxg6 22. a6 b6 23. Qf3 Qd2 24. Rac1 Qf4 25. Qe2 Rd7 26. g3 Qf6 27. Be4 Rfd8 28. Bg2 Qe7 29. Rfe1 c5 30. Qb5 cxd4 31. cxd4 Qf6 32. Re4 Qg5 33. Rce1 Qd2 34. h4 Qb4 35. Qe2 Nf6 36. Re3 Rxd4 37. Rc3 Qd6 38. Rc6 Qd7 39. Qe5 Rd1 40. Rxd1 Qxd1+ 41. Bf1 Ng4 42. Qf4 Rd2 43. Rc8+ Kh7 44. Qxf7 g5 45. h5 Nh6 46. Qg6# 1-0


[Site "https://www.chess.com"]

[Event "Titled Tuesday Blitz May 23 Late 2023"]
[White "Matute Escobar, Roxanny"]
[Black "Ognean, Mihnea-Ionut"]
[WhiteFideId "3926028"]
[BlackFideId "1232347"]
[WhiteElo "1844"]
[BlackElo "2215"]
[Result "0-1"]
[Round "06"]
[TimeControl "180+2"]
[Date "2023.05.23"]
[WhiteClock "0:00:10"]
[BlackClock "0:00:56"]

1. e4 g6 2. d4 Bg7 3. Nc3 d6 4. Be3 a6 5. Qd2 b5 6. O-O-O Nd7 7. Kb1 Bb7 8. f3 Rc8 9. h4 h5 10. Nh3 c5 11. Ng5 Qa5 12. g4 b4 13. Nd5 Bxd5 14. exd5 Ngf6 15. gxh5 Rxh5 16. dxc5 Nxc5 17. Bh3 Rb8 18. Bg4 Rh8 19. Bd4 Kf8 20. Qe2 Na4 21. Rhe1 Nxd5 22. Bxg7+ Kxg7 23. Qd3 Nac3+ 24. Kc1 Qxa2 25. Kd2 Nxd1 26. Rxd1 Rxh4 27. Re1 Rh2+ 28. Re2 Rxe2+ 29. Qxe2 Qxb2 30. Qd3 Qc3+ 31. Qxc3+ bxc3+ 32. Kd3 Rb4 33. Bd7 e5 34. Ne4 Rd4+ 35. Ke2 f5 36. Nxd6 Rd2+ 37. Ke1 Ne3 38. Bc6 Rxd6 0-1


[Site "https://www.chess.com"]

[Event "Titled Tuesday Blitz May 23 Late 2023"]
[White "Cagara, Paulina"]
[Black "Machidon, Cristi"]
[WhiteFideId "1124870"]
[BlackFideId "13904590"]
[WhiteElo "1967"]
[BlackElo "2355"]
[Result "0-1"]
[Round "06"]
[TimeControl "180+2"]
[Date "2023.05.23"]
[WhiteClock "0:00:10"]
[BlackClock "0:01:13"]

1. e4 c6 2. d4 d5 3. exd5 cxd5 4. Bd3 Nc6 5. c3 Nf6 6. h3 Qc7 7. Nf3 g6 8. Bg5 Bg7 9. Qd2 Ne4 10. Bxe4 dxe4 11. Bf4 Qa5 12. Nh2 e5 13. dxe5 Nxe5 14. O-O O-O 15. Na3 Be6 16. Nc2 Rfe8 17. Qe3 Nd3 18. Bh6 Bxh6 19. Qxh6 Nxb2 20. Nb4 Qe5 21. Rac1 Rac8 22. Rc2 Nd3 23. Re2 Qxc3 24. Nxd3 exd3 25. Re4 Rcd8 26. Rh4 Qg7 27. Qd2 Rd4 28. Nf3 Rxh4 29. Nxh4 Rd8 30. Nf3 Qf6 31. Rc1 Bxh3 32. Rc7 Bg4 33. Ng5 Qa1+ 34. Rc1 Qxc1+ 35. Qxc1 d2 0-1


[Site "https://www.chess.com"]

[Event "Titled Tuesday Blitz May 23 Late 2023"]
[White "Torres Dominguez, David"]
[Black "Perez, Maximiliano"]
[WhiteFideId "2220857"]
[BlackFideId "117234"]
[WhiteElo "1999"]
[BlackElo "2344"]
[Result "0-1"]
[Round "06"]
[TimeControl "180+2"]
[Date "2023.05.23"]
[WhiteClock "0:01:28"]
[BlackClock "0:01:32"]

1. e4 c5 2. Nc3 d6 3. Bb5+ Bd7 4. Bxd7+ Qxd7 5. f4 Nc6 6. d3 g6 7. Nf3 Bg7 8. O-O Nf6 9. Bd2 a6 10. a3 b5 11. Qe1 Ng4 12. h3 Nf6 13. Rb1 e5 14. fxe5 dxe5 15. Bg5 Qd6 16. Bxf6 Bxf6 17. Nd5 Bg7 18. Qf2 O-O 19. Rbd1 Ne7 20. Nxe7+ Qxe7 21. Nd2 f5 22. Qe2 Rad8 23. Nb1 b4 24. axb4 cxb4 25. Nd2 Qc5+ 26. Kh1 Qxc2 27. exf5 gxf5 28. Nc4 Qxe2 0-1


[Site "https://www.chess.com"]

[Event "Titled Tuesday Blitz May 23 Late 2023"]
[White "Szyszylo, Rafal"]
[Black "Weetik, Vjacheslav"]
[WhiteFideId "1109626"]
[BlackFideId "4153472"]
[WhiteElo "1951"]
[BlackElo "2469"]
[Result "0-1"]
[Round "06"]
[TimeControl "180+2"]
[Date "2023.05.23"]
[WhiteClock "0:00:11"]
[BlackClock "0:00:16"]

1. e4 e5 2. Bc4 Nf6 3. Nc3 Nc6 4. d3 Na5 5. Qf3 Be7 6. Nge2 c6 7. O-O b5 8. Bb3 b4 9. Nd1 d5 10. exd5 Nxb3 11. axb3 cxd5 12. Qg3 Bd6 13. Qxg7 Rg8 14. Qh6 Rg6 15. Qh4 Be6 16. Ng3 Be7 17. Bg5 h6 18. Bxf6 Rxf6 19. Qh5 Qc7 20. Ne3 O-O-O 21. Nef5 Bc5 22. d4 exd4 23. Rfd1 Qb6 24. Rd3 Rg8 25. Rad1 Rg5 26. Qf3 Bxf5 27. Nxf5 Rgxf5 28. Qg4 Qe6 29. f3 Re5 30. Qg8+ Kb7 31. h3 Rg6 32. Qd8 Re1+ 33. Kh2 Bd6+ 34. f4 Bxf4+ 35. g3 Qe2# 0-1


[Site "https://www.chess.com"]